 Dungeon Crawl Stone Soup version 0.21.1-1-g345015fe64 (webtiles) character file.

4832 Oravi the Transmogrifier (level 10, -1/68 HPs)
             Began as a Merfolk Transmuter on Apr 6, 2018.
             Was a Priest of Qazlal.
             Succumbed to a killer bee's poison
             ... on level 8 of the Dungeon.
             The game lasted 00:40:04 (9465 turns).

Oravi the Transmogrifier (Merfolk Transmuter)       Turns: 9465, Time: 00:40:05

Health: -1/68      AC:  2    Str: 10    XL:     10   Next: 49%
Magic:  13/13      EV: 28    Int: 15    God:    Qazlal [***...]
Gold:   505        SH:  4    Dex: 21    Spells: 3/13 levels left

rFire    . . .     SeeInvis .     - Unarmed
rCold    + . .     Gourm    +   (shield currently unavailable)
rNeg     . . .     Faith    .   (armour currently unavailable)
rPois    x         Spirit   .   (helmet currently unavailable)
rElec    .         Reflect  .   (cloak currently unavailable)
rCorr    .         Harm     .   (gloves currently unavailable)
MR       .....                  (boots currently unavailable)
Stlth    +.........             k - amulet of the gourmand
HPRegen  0.21/turn              s - ring of protection from cold
MPRegen  0.13/turn              (no ring)

@: lethally poisoned (-1 -> -13), spider-form, drained
A: tiny, (change form in water), (swift swim), (stealthy swim)
a: End Transformation, Upheaval, Elemental Force, Renounce Religion


You were on level 8 of the Dungeon.
You worshipped Qazlal.
Qazlal was most pleased with you.
You were completely stuffed.
You were a venomous arachnid creature.
You visited 2 branches of the dungeon, and saw 10 of its levels.

You collected 505 gold pieces.

Inventory:

Missiles
 a - 160 arrows
Armour
 b - a +1 robe (melded)
 r - the cursed +0 leather armour of Xiecas {*Contam rElec rN+, unknown}
   (You found it on level 6 of the Dungeon)

   It insulates you from electricity.
   It protects you from negative energy.
   It causes magical contamination when unequipped.
   It has a curse placed upon it.
 A - a +2 pair of boots (melded)
Jewellery
 k - an amulet of the gourmand (around neck)
 s - a ring of protection from cold (left front leg)
 u - an uncursed ring of ice
Wands
 i - a wand of acid (10)
 t - a wand of enslavement (14)
 y - a wand of clouds (5)
Scrolls
 f - 5 scrolls of remove curse
 j - a scroll of enchant armour
 l - 4 scrolls of magic mapping
 m - a scroll of fog
 n - 2 scrolls of teleportation
 p - 4 scrolls of fear
Potions
 e - a potion of might
 g - 2 potions of haste
 v - 3 potions of brilliance {unknown}
 x - 2 potions of agility {unknown}
 B - 2 potions of mutation {unknown}
Books
 c - a book of Changes

   Spells                             Type                      Level
   a - Beastly Appendage              Transmutation                1
   b - Sticks to Snakes               Transmutation                2
   c - Spider Form                    Transmutation/Poison         3
   d - Ice Form                       Ice/Transmutation            4
   e - Blade Hands                    Transmutation                5
 o - a book of Callings

   Spells                             Type                      Level
   a - Summon Small Mammal            Summoning                    1
   b - Call Imp                       Summoning                    2
   c - Call Canine Familiar           Summoning                    3
   d - Summon Guardian Golem          Hexes/Summoning              3
   e - Summon Lightning Spire         Summoning/Air                4
   f - Summon Ice Beast               Ice/Summoning                4
Comestibles
 d - 16 rations


   Skills:
 + Level 2.6(2.4) Fighting
 * Level 7.5(7.4) Dodging
 + Level 10.2(10.0) Unarmed Combat
 - Level 2.0(1.8) Spellcasting
 * Level 11.0(10.8) Transmutations
 * Level 6.8(6.6) Poison Magic
 * Level 2.5(2.4) Invocations


You had 3 spell levels left.
You knew the following spells:

 Your Spells              Type           Power        Failure   Level  Hunger
a - Beastly Appendage     Tmut           ####..       2%          1    ##.....
b - Sticks to Snakes      Tmut           ####....     3%          2    ###....
c - Spider Form           Tmut/Pois      ####......   8%          3    ####...
d - Ice Form              Ice/Tmut       ###.....     45%         4    #####..


Dungeon Overview and Level Annotations

Branches:
Dungeon (9/15)             Temple (1/1) D:5            Lair (0/6) D:8
    Orc: D:9-12

Altars:
Ashenzari
Cheibriados
Dithmenos
Elyvilon
Fedhas
Gozag
Hepliaklqana
Kikubaaqudgha
Makhleb
Nemelex Xobeh
Okawaru
Qazlal
Ru
Sif Muna
Trog
Uskayaw
Vehumet
Wu Jian
Xom
Yredelemnul
Zin
The Shining One

Annotations:
D:3 1 runed door


Message History

The killer bee is almost dead.
The killer bee stings you.
* * * LOW HITPOINT WARNING * * *
The killer bee stings you but does no damage.
You hit the killer bee.
You kill the killer bee!
Qazlal accepts your kill.
The killer bee completely misses you. x2
You barely miss the killer bee. The killer bee completely misses you.
You bite the killer bee!
The killer bee is poisoned.
The killer bee is almost dead.
The killer bee stings you.
* * * LOW HITPOINT WARNING * * *
You are lethally poisoned!
The killer bee poisons you! The killer bee stings you!
* * * LOW HITPOINT WARNING * * *
Okay, then.
You closely miss the killer bee.
The killer bee is almost dead.
You die...

......#.....#.....#..........#
......#.....#.....#..........#
#...###.....####'##..........#
#...######..............######
.........#..............#
.........'..............#
.........#..............#
#...##'###.......§......#
#...##.#######..s†.######
........#....#.y§..#
........#....#.....#
........#....#.....#
........#....#.....#
........'....#.....#
........#....#.....#
#########...##.....#
#.....#######......# #######


You could see a killer bee.

Vanquished Creatures
  Pikel (D:8)
  The ghost of Orcmeat the Sneak, a novice SpWz of Vehumet (D:7)
  A hippogriff (D:7)
  2 wargs (D:8)
  4 orc warriors
  4 phantoms
  3 ogres
  An ice beast (D:7)
  5 centaurs
  5 bullfrogs
  A wyvern skeleton (D:6)
  A scorpion (D:3)
  9 killer bees
  3 wights (D:9)
  2 howler monkeys
  3 crimson imps
  A jelly (D:6)
  5 orc priests
  4 hounds
  7 orc wizards
  A centaur skeleton (D:8)
  3 iguanas (D:4)
  Terence (D:2)
  7 worker ants
  A hound skeleton (D:5)
  7 gnolls
  A howler monkey skeleton (D:6)
  6 adders
  A shadow imp (D:6)
  2 adder zombies
  3 worms
  2 dart slugs
  6 leopard geckos
  25 orcs
  4 giant cockroaches
  6 goblins
  8 hobgoblins
  8 jackals
  3 quokkas
  7 bats
  4 frilled lizards
  A jackal zombie (D:6)
  9 kobolds
  A leopard gecko zombie (D:9)
  A quokka skeleton (D:4)
  12 rats
  A fungus (D:3)
194 creatures vanquished.

Vanquished Creatures (collateral kills)
  The ghost of Ivernyr the Changer, an amateur OpTm (D:3)
  A jackal (D:3)
2 creatures vanquished.

Grand Total: 196 creatures vanquished

Notes
Turn   | Place    | Note
-------+----------+-------------------------------------------
     0 | D:1      | Oravi the Merfolk Transmuter began the quest for the Orb.
     0 | D:1      | Reached XP level 1. HP: 15/15 MP: 3/3
   268 | D:1      | Reached XP level 2. HP: 15/21 MP: 5/5
   282 | D:1      | Reached skill level 3 in Transmutations
   675 | D:2      | Reached XP level 3. HP: 19/26 MP: 4/6
   784 | D:2      | Learned a level 2 spell: Sticks to Snakes
   796 | D:2      | Learned a level 3 spell: Spider Form
  1095 | D:2      | Reached XP level 4. HP: 30/32 MP: 5/7
  1377 | D:2      | Noticed Terence
  1387 | D:2      | Killed Terence
  1387 | D:2      | Reached skill level 4 in Transmutations
  1387 | D:2      | Reached XP level 5. HP: 28/37 MP: 1/8
  1883 | D:3      | Found a stormy altar of Qazlal.
  1887 | D:3      | Became a worshipper of Qazlal Stormbringer
  1935 | D:3      | Noticed Ivernyr's ghost (amateur OpTm)
  1952 | D:3      | Killed Ivernyr's ghost
  1952 | D:3      | Reached skill level 5 in Unarmed Combat
  1952 | D:3      | Reached skill level 5 in Transmutations
  1952 | D:3      | Reached skill level 1 in Poison Magic
  2093 | D:3      | Reached XP level 6. HP: 30/43 MP: 5/9
  3046 | D:3      | Found a runed door.
  3104 | D:4      | Reached skill level 6 in Transmutations
  3110 | D:4      | Reached * piety under Qazlal
  3384 | D:4      | Reached XP level 7. HP: 48/48 MP: 6/10
  3835 | D:4      | Reached skill level 7 in Transmutations
  4228 | D:5      | Entered Level 5 of the Dungeon
  4292 | D:5      | Reached skill level 5 in Dodging
  4292 | D:5      | Reached XP level 8. HP: 55/55 MP: 9/11
  4655 | D:5      | Found a staircase to the Ecumenical Temple.
  4702 | Temple   | Entered the Ecumenical Temple
  4973 | D:5      | Reached ** piety under Qazlal
  5683 | D:6      | Reached skill level 8 in Transmutations
  6049 | D:6      | Found a sparkling altar of Nemelex Xobeh.
  6208 | D:6      | Got a faintly humming leather armour
  6464 | D:7      | Reached XP level 9. HP: 61/61 MP: 8/12
  6552 | D:7      | Reached skill level 9 in Transmutations
  6635 | D:7      | Noticed Orcmeat's ghost (novice SpWz)
  6717 | D:7      | Killed Orcmeat's ghost
  6717 | D:7      | Reached skill level 5 in Poison Magic
  6723 | D:7      | Reached *** piety under Qazlal
  6832 | D:7      | Reached skill level 10 in Transmutations
  7395 | D:7      | Found a shattered altar of Ashenzari.
  7970 | D:8      | You fall through a shaft!
  8022 | D:8      | Noticed Pikel
  8458 | D:8      | Learned a level 4 spell: Ice Form
  8469 | D:8      | Reached XP level 10. HP: 67/67 MP: 9/13
  8539 | D:8      | Reached skill level 1 in Invocations
  8800 | D:8      | Killed Pikel
  8812 | D:8      | Found a staircase to the Lair.
  9050 | D:8      | Reached skill level 10 in Unarmed Combat
  9438 | D:9      | Reached skill level 11 in Transmutations
  9464 | D:8      | HP: 1/68 [killer bee (8)]
  9465 | D:8      | Succumbed to a killer bee's poison

Skill      XL: |  1  2  3  4  5  6  7  8  9 10 |
---------------+-------------------------------+-----
Transmutations | 3 4 5 6 7 8 10 11 | 11.0
Unarmed Combat | 4 5 6 8 9 10 | 10.2
Dodging        | 3 4 5 6 7 |  7.5
Poison Magic   | 1 2 4 6 |  6.8
Fighting       | 2 |  2.6
Invocations    | 2 |  2.5
Spellcasting   | |  2.0

Action                   |  1- 3 |  4- 6 |  7- 9 | 10-12 || total
-------------------------+-------+-------+-------+-------++-------
Melee: Unarmed           |    64 |   186 |   353 |    77 ||   680
       Headbutt          |     6 |    10 |    10 |       ||    26
       Tailslap          |     1 |       |       |       ||     1
       Punch             |       |     4 |     5 |       ||     9
 Cast: Beastly Appendage |    11 |    21 |    11 |       ||    43
       Spider Form       |     2 |    11 |    40 |    10 ||    63
       Sticks to Snakes  |       |     3 |     2 |       ||     5
  Use: Scroll            |     1 |     1 |    16 |       ||    18
       Potion            |       |       |     3 |     2 ||     5
 Stab: Sleeping          |       |     1 |       |       ||     1
  Eat: Chunk             |     1 |     8 |    24 |     9 ||    42
       Ration            |       |       |     1 |       ||     1
Armor: Robe              |     9 |    30 |     7 |     1 ||    47
       Skin              |     1 |     2 |     8 |     3 ||    14
Dodge: Dodged            |    42 |   118 |   278 |    99 ||   537
Block: Other             |       |       |    25 |    24 ||    49
